 Dungeon Crawl Stone Soup version 0.14.2 (webtiles) character file.

18115 theanonym the Severer (level 12, -1/116 HPs)
             Began as a Deep Dwarf Fighter on Dec 5, 2018.
             Was a High Priest of Makhleb.
             Slain by an Executioner (5 damage)
             ... on Level 1 of the Abyss on Dec 6, 2018.
             The game lasted 00:41:44 (9573 turns).

theanonym the Severer (Deep Dwarf Fighter)          Turns: 9573, Time: 00:41:44

HP  -1/116       AC 14     Str 23 (24) XL: 12   Next: 15%
MP   9/9         EV  4     Int 10      God: Makhleb [*****.]
Gold 1117        SH 18     Dex 12      Spells:  0 memorised, 11 levels left

rFire  . . .     SeeInvis .     a - +3,+2 broad axe (chop)
rCold  . . .     Clarity  .     p - +0 plate armour
rNeg   . . .     Conserve .     c - -1 shield
rPois  +         rCorr    .     E - +0 helmet
rElec  .         rRot     .     (no cloak)
SustAb . .       Spirit   .     k - +0 pair of gloves
rMut   .         Warding  .     (no boots)
Saprov . . .     Stasis   .     (no amulet)
MR     +....                    F - +0,+6 ring of slaying
                                g - ring of poison resistance

@: non-regenerating, about to teleport, somewhat resistant to hostile
enchantments, extremely unstealthy
A: damage resistance, recharge devices, sense surroundings 2, screaming 1, slow
healing 3, evolution 1
a: Device Recharging, Minor Destruction, Lesser Servant of Makhleb, Major
Destruction, Greater Servant of Makhleb, Renounce Religion


Innate Abilities, Weirdness & Mutations

You are resistant to damage.
You can recharge devices by infusing magical energy.
You passively map the area around you.
You do not heal naturally.
You occasionally shout uncontrollably.
You evolve.


   Skills:
 + Level 10.0 Fighting
 + Level 15.6 Axes
 + Level 5.0 Armour
 - Level 3.2 Shields
 - Level 2.9 Invocations
 - Level 10.1 Evocations


You had 11 spell levels left.
You didn't know any spells.

Action                   |  1- 3 |  4- 6 |  7- 9 | 10-12 || total
-------------------------+-------+-------+-------+-------++-------
Melee: War axe           |   171 |   194 |   514 |   663 ||  1542
       Broad axe         |       |       |       |   231 ||   231
Throw: Throwing net      |       |       |       |     1 ||     1
Invok: Lesser Servant of |       |       |       |     4 ||     4
 Abil: Device Recharging |       |     1 |     5 |    10 ||    16
       Evoke Flight      |       |       |       |     2 ||     2
Evoke: Wand              |       |     6 |    44 |    49 ||    99
  Use: Scroll            |       |     5 |    11 |    15 ||    31
       Potion            |       |       |     7 |     4 ||    11
 Stab: Confused          |       |       |     2 |       ||     2
       Distracted        |       |       |       |     1 ||     1

Inventory:

Hand weapons
 a - a +3,+2 broad axe of chopping (weapon)
   (You acquired it on level 11 of the Dungeon)
 v - a +0,+0 broad axe
   (You took it off an orc warrior on level 1 of the Orcish Mines)
Missiles
 o - a throwing net (quivered)
Armour
 c - a -1 shield (worn)
 k - a +0 pair of gloves (worn)
   (You found it on level 3 of the Dungeon)
 p - a +0 plate armour (worn)
   (You found it on level 1 of the Dungeon)
 E - a +0 helmet (worn)
   (You found it on level 9 of the Dungeon)
Magical devices
 b - a wand of enslavement (4)
   (You took it off Joseph on level 9 of the Dungeon)
 d - a wand of heal wounds (1)
 e - a wand of digging (16)
   (You took it off Pikel on level 6 of the Dungeon)
 j - a wand of digging (6)
   (You found it on level 9 of the Dungeon)
 s - a wand of fireball (0)
   (You took it off Grum on level 8 of the Dungeon)
 w - a wand of frost (13) {unknown}
   (You found it on level 1 of the Abyss)
 x - a wand of draining (0)
   (You found it on level 8 of the Dungeon)
 B - a wand of confusion (0)
   (You found it on level 4 of the Dungeon)
Comestibles
 f - 9 bread rations
 i - a rotting chunk of human flesh
 n - a meat ration
 z - a lychee
 H - a choko
Scrolls
 h - 9 scrolls of remove curse
 t - 5 scrolls of teleportation {!r}
 y - a scroll of immolation
 C - a scroll of fear
 G - 2 scrolls of amnesia
Jewellery
 g - a ring of poison resistance (left hand)
   (You found it on level 3 of the Dungeon)
 m - an uncursed ring of see invisible
   (You found it on level 5 of the Dungeon)
 A - an uncursed ring of flight
   (You found it on level 4 of the Dungeon)
 F - a +0,+6 ring of slaying (right hand)
   (You found it on level 6 of the Dungeon)
 K - an uncursed ring of ice
   (You took it off Fannar on level 11 of the Dungeon)
 L - an uncursed ring of positive energy
   (You found it on level 7 of the Dungeon)
Potions
 l - 6 potions of curing
 r - a potion of cure mutation
 u - a potion of haste
 D - a potion of agility
 I - 2 potions of magic
 J - a potion of heal wounds
 M - a potion of invisibility


You were on level 1 of the Abyss.
You worshipped Makhleb.
Makhleb was extremely pleased with you.
You were very hungry.

You visited 3 branches of the dungeon, and saw 16 of its levels.
You visited the Abyss 1 time.
You also visited: Bailey.

You collected 1237 gold pieces.
You spent 120 gold pieces at shops.

Dungeon Overview and Level Annotations

Branches:
Dungeon (11/15)            Temple (1/1) D:6             Orc (4/4) D:11
    Elf (0/3) Orc:4          Lair (0/8) D:10

Altars:
Cheibriados
Fedhas
Kikubaaqudgha
Makhleb
Nemelex Xobeh
Okawaru
Vehumet

Shops:
D:5 *   D:7 (   Orc:4 }?!

Annotations:
D:8 1 exclusion

. # #.# #..
####.##.
#.##..#...)#
..%#....###
...#.###1......#
#.......@#
#######'## #.#
#.## #..# ##.#
#### ## ####
#####.... .
....... ## .....
#.. .....#.. ..
. .


You could see an Executioner.

Notes
Turn   | Place    | Note
--------------------------------------------------------------
     0 | D:1      | theanonym, the Deep Dwarf Fighter, began the quest for the Orb.
     0 | D:1      | Reached XP level 1. HP: 20/20 MP: 1/1
   148 | D:1      | Reached XP level 2. HP: 27/27 MP: 2/2
   417 | D:1      | Reached skill level 3 in Axes
   689 | D:2      | Reached skill level 3 in Fighting
   690 | D:2      | Reached XP level 3. HP: 24/34 MP: 3/3
   843 | D:2      | Reached skill level 4 in Axes
  1019 | D:2      | Found a radiant altar of Vehumet.
  1031 | D:2      | Found a blossoming altar of Fedhas.
  1196 | D:2      | Found an iron altar of Okawaru.
  1205 | D:2      | Reached XP level 4. HP: 24/42 MP: 4/4
  1527 | D:3      | Found an ancient bone altar of Kikubaaqudgha.
  1589 | D:3      | HP: 21/42 [hobgoblin/club (1)]
  1964 | D:4      | Reached skill level 5 in Axes
  1964 | D:4      | Reached XP level 5. HP: 24/49 MP: 5/5
  1976 | D:4      | Noticed a sky beast
  1978 | D:4      | HP: 20/49 [sky beast (4)]
  1983 | D:4      | HP: 9/49 [sky beast (1)]
  1994 | D:4      | HP: 23/49 [something (4)]
  2003 | D:4      | HP: 13/49 [sky beast (4)]
  2004 | D:4      | Killed a sky beast
  2037 | D:4      | Reached skill level 6 in Axes
  2045 | D:4      | Reached XP level 6. HP: 50/57 MP: 6/6
  2047 | D:4      | Reached skill level 4 in Fighting
  2278 | D:4      | Noticed a giant frog
  2288 | D:4      | HP: 28/57 [iguana (5)]
  2297 | D:4      | Killed a giant frog
  2382 | D:5      | Entered Level 5 of the Dungeon
  2435 | D:5      | Reached skill level 7 in Axes
  2499 | D:5      | Reached XP level 7. HP: 62/66 MP: 6/6
  2689 | D:5      | Found Streimar's Assorted Antiques.
  2700 | D:5      | Reached skill level 8 in Axes
  2714 | D:5      | Bought a potion of might for 50 gold pieces
  2714 | D:5      | Bought a potion of might for 50 gold pieces
  2714 | D:5      | Bought a scroll labeled STRAFU GYSUQEN for 20 gold pieces
  2769 | D:5      | Reached skill level 5 in Fighting
  3132 | D:6      | Noticed casual's ghost (experienced OpTm)
  3154 | D:6      | HP: 33/67 [casual's ghost (4)]
  3166 | D:6      | HP: 32/67 [casual's ghost (1)]
  3173 | D:6      | HP: 29/67 [casual's ghost (3)]
  3178 | D:6      | HP: 26/67 [casual's ghost (3)]
  3196 | D:6      | HP: 15/67 [casual's ghost (3)]
  3222 | D:6      | HP: 25/67 [casual's ghost (5)]
  3227 | D:6      | HP: 14/67 [casual's ghost (1)]
  3311 | D:6      | Reached skill level 1 in Evocations
  3315 | D:6      | Reached XP level 8. HP: 61/74 MP: 6/8
  3332 | D:6      | Reached skill level 2 in Evocations
  3343 | D:6      | Reached skill level 9 in Axes
  3382 | D:6      | Reached skill level 3 in Evocations
  3421 | D:6      | HP: 35/76 [centaur/arrow (5)]
  3449 | D:6      | HP: 23/76 [ice beast (12)]
  3454 | D:6      | HP: 29/76 [ice beast (2)]
  3457 | D:6      | HP: 5/76 [ice beast (11)]
  3463 | D:6      | HP: 35/76 [ice beast (10)]
  3471 | D:6      | Reached skill level 4 in Evocations
  3489 | D:6      | Found a staircase to the Ecumenical Temple.
  3618 | D:6      | Reached skill level 6 in Fighting
  3693 | D:6      | Reached skill level 10 in Axes
  3728 | D:6      | HP: 38/76 [worker ant (4)]
  3817 | D:6      | HP: 34/76 [hound (1)]
  4030 | D:6      | HP: 38/76 [casual's ghost (1)]
  4041 | D:6      | HP: 30/76 [casual's ghost (2)]
  4049 | D:6      | HP: 28/76 [casual's ghost (2)]
  4055 | D:6      | HP: 26/76 [casual's ghost (2)]
  4064 | D:6      | HP: 17/76 [casual's ghost (6)]
  4069 | D:6      | HP: 36/76 [casual's ghost (6)]
  4075 | D:6      | Killed casual's ghost
  4075 | D:6      | Reached skill level 5 in Evocations
  4075 | D:6      | Gained mutation: You passively map the area around you. [level up]
  4075 | D:6      | Reached XP level 9. HP: 39/85 MP: 12/15
  4260 | D:7      | Paralysed by a giant eyeball for 2 turns
  4385 | D:7      | Noticed Pikel
  4410 | D:6      | Killed Pikel
  4410 | D:6      | Reached skill level 11 in Axes
  4410 | D:6      | Reached skill level 6 in Evocations
  4448 | D:7      | Found Plu Teox's Antique Weapon Shop.
  4463 | D:7      | HP: 39/85 [orc warrior/short sword (9)]
  4471 | D:7      | HP: 30/85 [giant frog (3)]
  4478 | D:7      | HP: 27/85 [giant frog (1)]
  4479 | D:7      | Reached skill level 7 in Fighting
  4503 | D:7      | Found a flagged portal.
  4513 | D:7      | Reached skill level 7 in Evocations
  4518 | Bailey   | Entered a bailey
  4544 | Bailey   | HP: 43/86 [orc warrior/glaive (1)]
  4551 | Bailey   | HP: 37/86 [orc/halberd (4)]
  4613 | Bailey   | HP: 38/86 [orc warrior/spear (7)]
  4627 | Bailey   | HP: 36/86 [orc/war axe (1)]
  4633 | Bailey   | HP: 33/86 [orc/halberd (1)]
  4665 | Bailey   | Noticed an orc knight
  4689 | Bailey   | HP: 41/86 [orc/war axe (3)]
  4707 | Bailey   | HP: 33/86 [orc knight/glowing trident (14)]
  4714 | Bailey   | HP: 31/86 [orc warrior/halberd (12)]
  4715 | Bailey   | HP: 14/86 [orc warrior/halberd (17)]
  4720 | Bailey   | HP: 13/86 [orc warrior/halberd (22)]
  4728 | D:7      | HP: 18/86 [orc warrior/scimitar (9)]
  4733 | D:7      | HP: 37/86 [orc/halberd (2)]
  4734 | D:7      | HP: 16/86 [orc warrior/scimitar (21)]
  4746 | D:7      | HP: 35/86 [orc wizard/magic dart (9)]
  4779 | D:7      | Reached skill level 12 in Axes
  4848 | D:7      | Reached XP level 10. HP: 79/94 MP: 14/14
  4994 | D:7      | Noticed Blork the orc
  5005 | D:7      | Killed Blork the orc
  5038 | Temple   | Entered the Ecumenical Temple
  5056 | Temple   | Became a worshipper of Makhleb the Destroyer
  5188 | D:7      | HP: 44/94 [spriggan baker/dagger (5)]
  5194 | D:7      | HP: 39/94 [spriggan baker/dagger (5)]
  5413 | D:8      | Reached skill level 8 in Evocations
  5414 | D:8      | HP: 45/94 [wight/great sword (6)]
  5440 | D:8      | Noticed Duvessa
  5482 | D:8      | Killed Duvessa
  5496 | D:8      | Noticed Dowan
  5504 | D:8      | Killed Dowan
  5563 | D:8      | Noticed Grum
  5585 | D:8      | HP: 21/96 [something (34)]
  5599 | D:8      | Killed Grum
  5599 | D:8      | Acquired Makhleb's first power
  5768 | D:8      | HP: 47/96 [ogre/giant club (19)]
  5779 | D:8      | HP: 45/96 [shot self (11)]
  5803 | D:8      | HP: 48/96 [gnoll/scythe (2)]
  5804 | D:8      | Noticed Gastronok
  5901 | D:8      | HP: 47/96 [Gastronok (5)]
  5903 | D:8      | HP: 23/96 [Gastronok/the air (24)]
  5912 | D:8      | Killed Gastronok
  5912 | D:8      | Reached skill level 8 in Fighting
  5912 | D:8      | Reached skill level 13 in Axes
  5912 | D:8      | Reached skill level 9 in Evocations
  6159 | D:9      | HP: 48/97 [orc wizard/magic dart (5)]
  6164 | D:9      | HP: 33/97 [giant frog (2)]
  6173 | D:9      | HP: 36/97 [sky beast (1)]
  6215 | D:9      | Found a sparkling altar of Nemelex Xobeh.
  6330 | D:9      | Noticed Joseph
  6353 | D:9      | HP: 39/98 [Joseph/runed dire flail (11)]
  6361 | D:9      | HP: 34/98 [Joseph/runed dire flail (2)]
  6368 | D:9      | Killed Joseph
  6694 | D:9      | Reached XP level 11. HP: 85/104 MP: 14/14
  6760 | D:9      | Gained mutation: Your body is slowly deteriorating. [potion of mutation]
  6760 | D:9      | Gained mutation: You evolve. [potion of mutation]
  6760 | D:9      | Gained mutation: You occasionally shout uncontrollably. [potion of mutation]
  6827 | D:9      | Acquired Makhleb's second power
  6827 | D:9      | Reached skill level 10 in Evocations
  6837 | D:10     | Entered Level 10 of the Dungeon
  6857 | D:10     | Found a staircase to the Lair.
  7470 | D:10     | Reached skill level 14 in Axes
  7562 | D:11     | Acquired Makhleb's third power
  7624 | D:11     | Noticed Fannar
  7633 | D:11     | Reached skill level 9 in Fighting
  7652 | D:11     | Killed Fannar
  7711 | D:11     | Found a staircase to the Orcish Mines.
  7734 | D:11     | HP: 53/106 [orc priest/divine providence (11)]
  7770 | D:11     | HP: 53/106 [hill giant zombie (7)]
  7789 | D:11     | Noticed a hill giant
  7798 | D:11     | HP: 46/106 [hill giant/giant spiked club (11)]
  7801 | D:11     | Killed a hill giant
  7812 | D:11     | Acquired Makhleb's fourth power
  7951 | D:11     | Identified a scroll of acquirement
  7972 | D:11     | Noticed an eight-headed hydra
  7973 | D:11     | theanonym: !lg * mu max=score -graph
  7973 | D:11     | beem: 363715. elliptic the Demonologist (L23 MuSu of Sif Muna), escaped with the Orb and 15 runes on 2012-09-13 19:39:50, with 52436210 points after 27371 turns and 8:00:10.
  7973 | D:11     | theanonym: !lg * mu max=score --graph
  7973 | D:11     | beem: No keyword '--graph'
  7973 | D:11     | theanonym: ??graph
  7973 | D:11     | beem: graph ~ grape[1/1]: Linley Henzell knows how to crush these.
  7973 | D:11     | theanonym: !lg * mu --graph
  7973 | D:11     | beem: No keyword '--graph'
  7973 | D:11     | theanonym: !lg * mu -graph
  7973 | D:11     | beem: 363715. Egon the Thaumaturge (L8 MuSu of Sif Muna), slain by a hornet zombie on D:8 on 2018-12-05 19:43:50, with 1560 points after 10723 turns and 0:28:47.
  7973 | D:11     | theanonym: !lg * mu win s=turns -graph
  7973 | D:11     | beem: 1944 games for * (mu win): https://shalott.org/graphs/66aa6436a4e65547f2f21a05a5176804cff21d2e.html
  7974 | D:11     | theanonym: !lg * mu win -graph s=year
  7974 | D:11     | beem: Unknown field: year
  7974 | D:11     | theanonym: !lg * mu win -graph s=date
  7974 | D:11     | beem: Unknown field: date
  7974 | D:11     | theanonym: !lg . won s=${int(nhour(end)+13)%24} o=-. -graph
  7974 | D:11     | beem: 97 games for theanonym (won): https://shalott.org/graphs/ca9d76dd662bea0294897edc193abd4df26898b5.html
  8071 | Orc:1    | Entered Level 1 of the Orcish Mines
  8217 | Orc:1    | Reached skill level 1 in Invocations
  8264 | Orc:1    | You fall through a shaft!
  8276 | Orc:2    | HP: 48/106 [orc priest/divine providence (7)]
  8282 | Orc:1    | HP: 33/106 [warg (4)]
  8283 | Orc:1    | Reached skill level 15 in Axes
  8290 | Orc:1    | HP: 28/106 [orc warrior/mace (5)]
  8352 | Orc:2    | HP: 53/106 [orc/runed trident (2)]
  8396 | Orc:2    | Reached skill level 2 in Invocations
  8554 | Orc:3    | Acquired Makhleb's fifth power
  8676 | Orc:3    | HP: 44/108 [orc priest/divine providence (11)]
  8683 | Orc:3    | HP: 48/108 [goblin/ sling bullet (3)]
  8801 | Orc:3    | HP: 54/108 [orc warrior/long sword (2)]
  8821 | Orc:3    | Lost mutation: Your body is slowly deteriorating. [evolution]
  8873 | Orc:3    | HP: 50/108 [orc priest/divine providence (10)]
  8990 | Orc:3    | HP: 52/108 [warg (1)]
  9182 | Orc:4    | Entered Level 4 of the Orcish Mines
  9182 | Orc:4    | Found a staircase to the Elven Halls.
  9188 | Orc:4    | Noticed Harold
  9192 | Orc:4    | HP: 39/108 [Harold/bolt of fire (25)]
  9193 | Orc:4    | HP: 12/108 [Harold/bolt of fire (28)]
  9198 | Orc:4    | HP: 36/108 [Harold/bolt of fire (16)]
  9207 | Orc:4    | Killed Harold
  9207 | Orc:4    | Reached skill level 4 in Armour
  9279 | Orc:4    | HP: 52/108 [orc warrior/dire flail (6)]
  9390 | Orc:4    | Noticed an ogre mage
  9392 | Orc:4    | Noticed an ogre mage
  9393 | Orc:4    | Noticed an ogre mage
  9393 | Orc:4    | Found Branafia's Gadget Shop.
  9393 | Orc:4    | Found Qatacoots' Distillery.
  9393 | Orc:4    | Found Moezusch's Magic Scroll Shoppe.
  9395 | Orc:4    | Noticed an ogre mage
  9400 | Orc:4    | Reached XP level 12. HP: 116/116 MP: 11/11
  9404 | Orc:4    | Cast into the Abyss (ogre mage)
  9404 | Abyss:1  | Found a corrupted altar of Lugonu.
  9424 | Abyss:1  | Found a corrupted altar of Lugonu.
  9513 | Abyss:1  | Reached skill level 10 in Fighting
  9522 | Abyss:1  | HP: 39/116 [ice devil (22)]
  9527 | Abyss:1  | HP: 25/116 [small abomination (14)]
  9528 | Abyss:1  | Reached skill level 5 in Armour
  9556 | Abyss:1  | Noticed an Executioner
  9562 | Abyss:1  | HP: 55/116 [Executioner (16)]
  9564 | Abyss:1  | HP: 26/116 [Executioner (8)]
  9568 | Abyss:1  | HP: 7/116 [Executioner (17)]
  9573 | Abyss:1  | HP: 31/116 [Executioner (19)]
  9573 | Abyss:1  | HP: 5/116 [Executioner (20)]
  9573 | Abyss:1  | Slain by an Executioner

Vanquished Creatures
  Gastronok (D:8)
  Fannar (D:11)
  An ice devil (Abyss:1)
  A large abomination (Abyss:1)
  The ghost of casual the Ducker, an experienced OpTm of Cheibriados (D:6)
  Pikel (D:6)
  Joseph (D:9)
  A hill giant (D:11)
  A centaur zombie (D:10)
  2 trolls
  2 two-headed ogres
  A shadow (D:11)
  3 hungry ghosts
  A spriggan (D:7)
  2 wraiths
  A hill giant zombie (D:11)
  A ynoxinul (Abyss:1)
  Grum (D:8)
  3 hippogriffs
  3 wargs
  A wolf (D:8)
  2 ice beasts
  2 small abominations (Abyss:1)
  18 orc warriors
  3 giant goldfish (D:9)
  A black bear (D:6)
  4 sky beasts
  9 ogres
  A manticore skeleton (D:11)
  9 giant frogs
  4 centaurs
  Duvessa (D:8)
  2 big kobolds
  Blork the orc (D:7)
  5 scorpions
  18 wights
  6 killer bees (D:7)
  An eye of draining (D:11)
  Dowan (D:8)
  3 crimson imps
  6 jellies
  5 hounds
  A soldier ant zombie (D:11)
  8 worker ants
  16 orc priests
  2 giant frog skeletons (D:11)
  2 iguanas
  8 orc wizards
  7 ogre zombies (D:11)
  A brain worm zombie (D:11)
  19 gnolls
  10 adders
  A gnoll zombie (D:7)
  A scorpion zombie (D:6)
  2 shadow imps
  A giant mite (D:6)
  2 green rats (D:8)
  An inept item mimic (D:3)
  An inept feature mimic (D:8)
  A worm (D:2)
  An adder zombie (D:6)
  An adder skeleton (D:9)
  A giant eyeball (D:7)
  A giant gecko (D:7)
  2 oozes
  124 orcs
  18 bats
  4 giant cockroaches
  23 goblins
  17 hobgoblins
  19 kobolds
  3 quokkas
  A giant gecko skeleton (D:4)
  5 giant newts
  A giant spore (D:9)
  A goblin skeleton (D:11)
  2 goblin zombies (D:11)
  4 hobgoblin skeletons
  5 hobgoblin zombies
  2 jackals (D:10)
  3 orc skeletons
  13 orc zombies (D:11)
  14 rats
  4 ballistomycetes
485 creatures vanquished.

Vanquished Creatures (collateral kills)
  Harold (Orc:4)
  2 two-headed ogres (Orc:4)
  A hobgoblin (Orc:4)
4 creatures vanquished.

Vanquished Creatures (others)
  An orange demon (Orc:4)
  A neqoxec (Abyss:1)
  3 wolves (D:8)
  An ogre (D:7)
  A wight (D:8)
  An ufetubus (Abyss:1)
  8 orcs
  A giant spore (D:8)
  2 ballistomycetes
19 creatures vanquished.

Grand Total: 508 creatures vanquished

Table legend:
 A = Turns spent in this place as a percentage of turns spent in the entire game.
 B = Non-inter-level travel turns spent in this place as a percentage of non-inter-level travel turns spent in the entire game.
 C = Inter-level travel turns spent in this place as a percentage of turns spent in this place.
 D = Turns resting spent in this place as a percentage of non-inter-level travel turns spent in this place.
 E = Turns spent auto-exploring this place as a percentage of non-inter-level travel turns spent in this place.
 F = Non-inter-level travel turns spent in this place divided by the number of levels of this place that you've seen.
                   A       B       C       D       E      F
               +-------+-------+-------+-------+-------+----------------------
         Total | 100.0 | 100.0 |   0.6 |   0.2 |  11.6 | 296.9
       Dungeon |  80.7 |  80.7 |   0.6 |   0.2 |  11.5 | 392.0
        Temple |   0.5 |   0.4 |   4.0 |   0.0 |   0.0 |  24.0
  Orcish Mines |  12.7 |  12.7 |   0.4 |   0.0 |  15.9 | 170.0
         Abyss |   2.8 |   2.8 |   0.0 |   0.0 |   5.4 | 149.0
        Bailey |   3.3 |   3.4 |   0.0 |   0.0 |   4.4 | 180.0
               +-------+-------+-------+-------+-------+----------------------
